 Dungeon Crawl Stone Soup version 0.31-a0-841-g038b102fc3 (webtiles) character file.

Game seed: 18019101419097453040

86 javelincjr the Magician (level 4, 0/27 HPs)
             Began as an Octopode Hedge Wizard on Sept 27, 2023.
             Slain by an orc wizard
             ... wielding a +0 dagger
              (4 damage)
             ... on level 3 of the Dungeon.
             The game lasted 00:05:56 (1707 turns).

javelincjr the Magician (Octopode Hedge Wizard)     Turns: 1707, Time: 00:05:56

Health: 0/27       AC:  1    Str:  9    XL:     4   Next: 50%
Magic:  2/9        EV: 12    Int: 18    God:
Gold:   168        SH:  3    Dex: 11    Spells: 5/10 levels left

rFire   + . .        j - +0 dagger (pain)
rCold   x . .        o - +0 buckler
rNeg    . . .        b - +0 hat
rPois   .            (no amulet)
rElec   .            p - ring of fire
rCorr   .            (no ring)
SInv    .            (no ring)
Will    .....        (no ring)
Stlth   +++          (no ring)
HPRegen 0.24/turn    (no ring)
MPRegen 0.11/turn    (no ring)
                     (no ring)

%: no passive effects
@: very slightly contaminated
A: almost no armour, amphibious, 8 rings, camouflage 1, gelatinous body 1,
(nimble swimmer 1), tentacles
a: no special abilities


You were on level 3 of the Dungeon.
You visited 1 branch of the dungeon, and saw 3 of its levels.

You collected 168 gold pieces.

Inventory:

Hand Weapons
 a - a +0 dagger
 j - a +0 dagger of pain (weapon)
Missiles
 f - 11 poisoned darts
Armour
 b - a +0 hat (worn)
 o - a +0 buckler (worn)
Jewellery
 p - a ring of fire (left tentacle)
Scrolls
 e - a scroll of acquirement {unknown}
 g - 2 scrolls of teleportation {unknown}
 i - a scroll of amnesia {unknown}
 k - 4 scrolls of immolation {unknown}
 n - a scroll of brand weapon {unknown}
Potions
 c - a potion of magic
 d - a potion of ambrosia {unknown}
 h - 4 potions of curing {unknown}
 l - 2 potions of heal wounds {unknown}
 m - a potion of enlightenment {unknown}


   Skills:
 + Level 2.4 Dodging
 + Level 3.4 Stealth
 + Level 0.4 Shields
 * Level 3.5 Spellcasting
 + Level 1.8 Conjurations
 + Level 1.6 Summonings
 + Level 1.6 Translocations


You had 5 spell levels left.
You knew the following spells:

 Your Spells              Type           Power      Damage    Failure   Level
a - Magic Dart            Conj           36%        1d4       11%         1
b - Call Imp              Summ           18%        N/A       19%         2
c - Blink                 Tloc           18%        N/A       19%         2

Your spell library contained the following spells:

 Spells                   Type           Power      Damage    Failure   Level
 Slow                     Hex            12%        N/A       24%         1
 Cigotuvi's Dreadful Rot  Necr/Pois/Air  6%         N/A       36%         2
 Mephitic Cloud           Conj/Pois/Air  5%         N/A       50%         3
 Manifold Assault         Tloc           9%         N/A       77%         4


Dungeon Overview and Level Annotations

Branches:
Dungeon (3/15)

Altars:


Innate Abilities, Weirdness & Mutations

You cannot wear most types of armour.
You are amphibious.
You can wear up to eight rings at the same time.
Your skin changes colour to match your surroundings (Stealth+).
Your rubbery body absorbs attacks. (AC +1, EV +1)
((You are camouflaged when in or above water. (Stealth+)))
You have tentacles for arms and can constrict up to eight enemies at once.


Message History

Nothing appears to happen.
The orc wizard hits you with a +0 dagger.
* * * LOW HITPOINT WARNING * * *
Casting: Magic Dart (safe; 11% risk of failure)
Confirm with . or Enter, or press ? or * to list all spells.
Aiming: Magic Dart (safe; 11% risk of failure)
Press: ? - help, Shift-Dir - straight line, f/p - orc wizard
Aim: an orc wizard, wielding a +0 dagger and wearing a +0 robe (lightly wounded, ally target, 100% to hit)
The magic dart hits the orc wizard.
The orc wizard is moderately wounded.
The orc wizard hits you with a +0 dagger.
* * * LOW HITPOINT WARNING * * *
Your cerulean imp hits the orc wizard but does no damage.
Casting: Magic Dart (safe; 11% risk of failure)
Confirm with . or Enter, or press ? or * to list all spells.
Aiming: Magic Dart (safe; 11% risk of failure)
Press: ? - help, Shift-Dir - straight line, f/p - orc wizard
Aim: an orc wizard, wielding a +0 dagger and wearing a +0 robe (moderately wounded, ally target, 100% to hit)
You miscast Magic Dart.
Nothing appears to happen.
The orc wizard points at you and mumbles some strange words.
You resist with some effort.
Your cerulean imp hits the orc wizard but does no damage.
Casting: Magic Dart (safe; 11% risk of failure)
Confirm with . or Enter, or press ? or * to list all spells.
Aiming: Magic Dart (safe; 11% risk of failure)
Press: ? - help, Shift-Dir - straight line, f/p - orc wizard
Aim: an orc wizard, wielding a +0 dagger and wearing a +0 robe (moderately wounded, ally target, 100% to hit)
You miscast Magic Dart.
Nothing appears to happen.
The orc wizard hits you with a +0 dagger.
* * * LOW HITPOINT WARNING * * *
Your cerulean imp hits the orc wizard from afar with a -4 spear.
Casting: Magic Dart (safe; 11% risk of failure)
Confirm with . or Enter, or press ? or * to list all spells.
Aiming: Magic Dart (safe; 11% risk of failure)
Press: ? - help, Shift-Dir - straight line, f/p - orc wizard
Aim: an orc wizard, wielding a +0 dagger and wearing a +0 robe (moderately wounded, ally target, 100% to hit)
The magic dart hits the orc wizard.
The orc wizard is heavily wounded.
The orc wizard hits you with a +0 dagger.
You die...

# .# ## # #####.#
..
##########.....#
.#
.............###
.# ##########.#.#
.# ###
#.#.####.##....
#.#..†.)......#
#.....).##.5####.
#.#####.##@.#
#.##.o# #..>....
#.##......
#.##.......#
..##########


You could see an orc wizard (ally target) and a friendly cerulean imp
(summoned).

Vanquished Creatures
  3 gnolls (D:3)
  2 adders
  2 orcs (D:3)
  5 ball pythons
  An endoplasm (D:1)
  A giant cockroach (D:3)
  5 goblins
  A hobgoblin (D:1)
  A quokka (D:1)
  4 bats
  3 frilled lizards
  6 kobolds
34 creatures vanquished.

Vanquished Creatures (collateral kills)
  2 orcs (D:3)
  A ball python (D:3)
3 creatures vanquished.

Grand Total: 37 creatures vanquished

Notes
Turn   | Place    | Note
-------+----------+-------------------------------------------
     0 | D:1      | javelincjr the Octopode Hedge Wizard began the quest for
                  | the Orb.
     0 | D:1      | Reached XP level 1. HP: 11/11 MP: 4/4
    83 | D:1      | Reached XP level 2. HP: 8/17 MP: 0/6
   944 | D:2      | Reached XP level 3. HP: 20/21 MP: 7/7
  1324 | D:2      | Learned a level 2 spell: Call Imp
  1327 | D:2      | Learned a level 2 spell: Blink
  1481 | D:3      | Reached XP level 4. HP: 3/27 MP: 0/9
  1707 | D:3      | Slain by an orc wizard

Illustrated notes

Levels and vault maps discovered:
D:1:      amcnicky_arrival_double_pillar, layout_loops_cross,
          nicolae_houndstooth_variations
D:2:      layout_rooms
D:3:      layout_loops_ring

Skill      XL: |  1  2 |
---------------+-------+-----
Stealth        | 3 |  3.4
Dodging        | |  2.4
Shields        | |  0.4
Spellcasting   | |  3.5
Conjurations   | |  1.8
Summonings     | |  1.6
Translocations | |  1.6

Action                     |  1- 3 |  4- 6 || total
---------------------------+-------+-------++-------
  Melee: Dagger            |    41 |    16 ||    57
         Constrict         |     8 |     5 ||    13
         Tentacles         |     6 |     2 ||     8
         Punch             |     1 |       ||     1
   Cast: Magic Dart        |    26 |     2 ||    28
         Call Imp          |     3 |     2 ||     5
   Stab: Sleeping          |     4 |     3 ||     7
 Armour: Skin              |    25 |    14 ||    39
  Dodge: Dodged            |    47 |     5 ||    52
  Block: Buckler           |     2 |     2 ||     4

Table legend: (Time is in decaauts)
 A = Elapsed time spent in this place.
 B = Non-inter-level travel time spent in this place.
 C = Inter-level travel time spent in this place.
 D = Time resting spent in this place.
 E = Time spent auto-exploring this place.
 F = Levels seen in this place.
 G = Mean time per level.
                   A        B        C        D        E       F      G
               +--------+--------+--------+--------+--------+-----+--------+
         Total |   1707 |   1677 |     30 |    136 |   1199 |   3 |  569.0 |
       Dungeon |   1707 |   1677 |     30 |    136 |   1199 |   3 |  569.0 |
               +--------+--------+--------+--------+--------+-----+--------+

Top non-repeatable levels by time:
     D:1: 844 daAuts
     D:2: 483 daAuts
     D:3: 380 daAuts
